 Seeded DCSS version 0.24.0 (webtiles) character file.

Game seed: 8745805509663551587, levelgen mode: deterministic

228724 Auros the Phalangite (level 18, -5/141 HPs)
             Began as a Merfolk Fighter on Mar 31, 2020.
             Was the Champion of Wu Jian.
             Killed from afar by a hellion (37 damage)
             ... with damnation
             ... on level 3 of the Abyss on Apr 5, 2020.
             The game lasted 06:59:03 (42803 turns).

Auros the Phalangite (Merfolk Fighter)             Turns: 42803, Time: 06:59:03

Health: -5/141     AC: 32    Str: 25    XL:     18   Next: 97%
Magic:  25/25      EV: 16    Int:  6    God:    Wu Jian [******]
Gold:   2824       SH: 20    Dex: 15    Spells: 8/17 levels left

rFire    + . .     SeeInvis +   B - +9 trident
rCold    + . .     Gourm    .   V - +1 large shield {AC+3}
rNeg     . . .     Faith    .   w - +7 chain mail "Jiubaux" {rPois Slay+2}
rPois    +         Spirit   .   g - +2 helmet
rElec    .         Reflect  .   (no cloak)
rCorr    .         Harm     .   W - +1 pair of gloves {Str+3}
MR       +....     Clarity  +   S - +2 pair of boots of the Villain {+Fly rPois rF+ Int-5}
Stlth    ..........             Z - amulet of rage
HPRegen  0.33/turn              v - ring of see invisible
MPRegen  0.19/turn              I - ring of the Slug {rC+ Int+3}

@: hasted, heavily drained, very quick
A: change form in water, swift swim, stealthy swim, repulsion field 1,
iridescent scales 1, yellow scales 1, clarity
}: 2/15 runes: barnacled, gossamer
a: Wall Jump, Serpent's Lash, Heavenly Storm, Renounce Religion, Evoke Berserk
Rage, Evoke Flight


You were on level 3 of the Abyss.
You worshipped Wu Jian.
Wu Jian was exalted by your worship.
You were hungry.

You visited 7 branches of the dungeon, and saw 31 of its levels.
You visited the Abyss 2 times.
You also visited: Bailey and Ice Cave.

You collected 2872 gold pieces.
You spent 48 gold pieces at shops.

Inventory:

Hand Weapons
 p - a +5 glaive of protection
 B - a +9 trident (weapon)
 U - the +11 arbalest of Axis {penet, MP+9 Str+7}
   (You found it on level 9 of the Dungeon)

   Ammo fired by it will pass through the targets it hits, potentially hitting
   all targets in its path until it reaches maximum range.
   It affects your strength (+7).
   It affects your magic capacity (+9).
Missiles
 e - 196 arrows
 s - a boomerang of dispersal (quivered)
 u - 162 bolts
Armour
 g - a +2 helmet (worn)
 w - the +7 chain mail "Jiubaux" (worn) {rPois Slay+2}
   (You found it on level 10 of the Dungeon)

   It affects your accuracy and damage with ranged weapons and melee attacks
   (+2).
   It protects you from poison.
 S - the +2 pair of boots of the Villain (worn) {+Fly rPois rF+ Int-5}
   (You found it on level 6 of the Lair of Beasts)

   It affects your intelligence (-5).
   It protects you from fire.
   It protects you from poison.
   It lets you fly.
 V - a +1 large shield of protection (worn)
 W - a +1 pair of gloves of strength (worn)
Jewellery
 q - an uncursed amulet of the gourmand
 v - a ring of see invisible (left hand)
 D - a +5 amulet of reflection
 I - the ring of the Slug (right hand) {rC+ Int+3}
   (You acquired it on level 1 of the Shoals)

   [ring of protection from cold]

   It affects your intelligence (+3).
   It protects you from cold.
 P - an uncursed ring of poison resistance {unknown}
 Z - an amulet of rage (around neck)
Wands
 n - a wand of digging (1)
 r - a wand of flame (14)
 y - a wand of iceblast (16)
 E - a wand of disintegration (3)
 T - a wand of acid (25)
 Y - a wand of polymorph (9)
Scrolls
 a - a scroll of holy word
 b - 5 scrolls of magic mapping
 c - a scroll of remove curse
 h - a scroll of amnesia
 i - a scroll of identify
 k - a scroll of blinking
 l - 2 scrolls of enchant weapon
 t - 8 scrolls of teleportation
 F - 2 scrolls of fear
 K - a scroll of fog
 Q - a scroll of summoning
 X - a scroll of brand weapon {unknown}
Potions
 d - a potion of invisibility
 f - a potion of curing
 j - 2 potions of haste
 m - 3 potions of agility
 o - 6 potions of resistance
 C - 3 potions of mutation
 G - 4 potions of lignification
 H - 2 potions of cancellation
 L - 2 potions of berserk rage
 M - a potion of magic {unknown}
 O - 2 potions of might
Miscellaneous
 A - 2 boxes of beasts
 N - a lightning rod (4/4)
Comestibles
 z - 46 rations


   Skills:
 - Level 12.5(9.9) Fighting
 - Level 22.3(19.2) Polearms
 - Level 11.6(9.0) Crossbows
 + Level 6.5(4.3) Armour
 + Level 16.7(13.9) Dodging
 + Level 13.6(10.9) Shields
 - Level 6.9(4.7) Hexes
 - Level 3.2(1.2) Necromancy
 - Level 4.8(2.7) Translocations
 - Level 3.1(1.1) Transmutations
 + Level 10.6(8.1) Evocations


You had 8 spell levels left.
You knew the following spells:

 Your Spells              Type           Power        Failure   Level  Hunger
a - Animate Skeleton      Necr           N/A          100%        1    ##.....
b - Apportation           Tloc           #.....       100%        1    ##.....
c - Sticks to Snakes      Tmut           #.......     100%        2    ###....
d - Portal Projectile     Hex/Tloc       #.....       100%        3    ####...
e - Blink                 Tloc           N/A          100%        2    ###....

Your spell library contained the following spells:

 Spells                   Type           Power        Failure   Level  Hunger
 Confusing Touch          Hex            #.....       96%         1    ##.....
 Corona                   Hex            #......      96%         1    ##.....
 Slow                     Hex            #.......     99%         2    ###....
 Beastly Appendage        Tmut           #.....       100%        1    ##.....
 Magic Dart               Conj           #...         100%        1    ##.....
 Pain                     Necr           #...         100%        1    ##.....
 Shock                    Conj/Air       #...         100%        1    ##.....
 Sting                    Conj/Pois      #...         100%        1    ##.....
 Summon Small Mammal      Summ           #...         100%        1    ##.....
 Call Imp                 Summ           #.......     100%        2    ###....
 Ensorcelled Hibernation  Hex/Ice        #.....       100%        2    ###....
 Poisonous Vapours        Pois/Air       #.....       100%        2    ###....
 Searing Ray              Conj           #.....       100%        2    ###....
 Call Canine Familiar     Summ           #.......     100%        3    ####...
 Confuse                  Hex            #.......     100%        3    ####...
 Conjure Flame            Conj/Fire      #.......     100%        3    ####...
 Dazzling Spray           Conj/Hex       #.....       100%        3    ####...
 Gell's Gravitas          Tloc           #.........   100%        3    ####...
 Ignite Poison            Fire/Tmut/Pois #.......     100%        3    ####...
 Lesser Beckoning         Tloc           #.........   100%        3    ####...
 Mephitic Cloud           Conj/Pois/Air  #.......     100%        3    ####...
 Regeneration             Chrm/Necr      #.........   100%        3    ####...
 Spider Form              Tmut/Pois      #.........   100%        3    ####...
 Stone Arrow              Conj/Erth      #.....       100%        3    ####...
 Summon Guardian Golem    Hex/Summ       #.......     100%        3    ####...
 Tukima's Dance           Hex            #.......     100%        3    ####...
 Vampiric Draining        Necr           #.........   100%        3    ####...
 Animate Dead             Necr           N/A          100%        4    #####..
 Ice Form                 Ice/Tmut       #.......     100%        4    #####..
 Iskenderun's Mystic Bla  Conj           #.......     100%        4    #####..
 Summon Ice Beast         Ice/Summ       #.......     100%        4    #####..
 Summon Lightning Spire   Summ/Air       #.......     100%        4    #####..
 Blade Hands              Tmut           #.........   100%        5    ######.
 Fireball                 Conj/Fire      #.........   100%        5    ######.
 Bolt of Fire             Conj/Fire      #.........   100%        6    #######
 Conjure Ball Lightning   Conj/Air       #.........   100%        6    #######
 Freezing Cloud           Conj/Ice/Air   #.........   100%        6    #######
 Ring of Flames           Chrm/Fire      #.........   100%        7    #######
 Ignition                 Fire           #.........   100%        8    #######


Dungeon Overview and Level Annotations

Branches:
Dungeon (12/15)            Temple (1/1) D:6            Lair (6/6) D:10
 Shoals (4/4) Lair:2       Spider (4/4) Lair:2        Slime (0/5) Lair:6
    Orc (2/2) D:11            Elf (2/3) Orc:2        Bailey (visited)
  IceCv (visited)

Altars:
Ashenzari
Cheibriados
Dithmenos
Elyvilon
Fedhas
Gozag
Hepliaklqana
Kikubaaqudgha
Makhleb
Nemelex Xobeh
Okawaru
Qazlal
Ru
Sif Muna
Trog
Uskayaw
Vehumet
Wu Jian
Xom
Yredelemnul
Zin
The Shining One
Beogh
Jiyva

Shops:
D:6 *   D:8 }   D:9 }   D:10 :   Orc:2 ([:*

Annotations:
Lair:1 exclusion: oklob plant
Shoals:1 Roxanne


Innate Abilities, Weirdness & Mutations

You revert to your normal form in water.
You are very nimble and swift while swimming.
You are very stealthy in the water. (Stealth+)
You are surrounded by a mild repulsion field. (EV +2)
You are partially covered in iridescent scales. (AC +2)
You are partially covered in yellow scales. (AC +2)
You possess an exceptional clarity of mind.


Message History

A hellion comes into view.
Press: ? - help, v - describe, . - travel
Here: a hellion (hasn't noticed you)
The floor.
Evoke which item? (* to show all) (? for menu, Esc to quit)
Aiming: Cloud Cone
Press: ? - help, Dir - move target cursor, f - hellion
Aim: a hellion (hasn't noticed you)
You create a blast of poison gas!
The hellion gives a hideous shriek!
The now-empty wand crumbles to dust.
A small abomination comes into view.
The hellion gestures at you.
The sphere of damnation explodes!
The damnation engulfs you!!
* * * LOW HITPOINT WARNING * * *
You hear an angry hiss.
You feel yourself speed up. The hellion gestures at you.
The sphere of damnation explodes!
The damnation engulfs you!!!
You die...

.. .. # #. ....
..#. ... . .#.
####....#.
#..####..5. ###..
#..#... .##...# #
#.#..##.## ..
##ยง##.#.#.##..#.
#.#2.###.#.#..#
#.2####@# . .###
#.#. ##.x..... #
#. .###.... .# .#
.## . ## ##


You could see a hellion and a small abomination.

Vanquished Creatures
  Mara (Shoals:4)
  Nikola (Orc:2)
  Arachne (Spider:4)
  A deep elf blademaster (Elf:2)
  Kirke (Elf:1)
  Donald (Elf:1)
  A deep elf sorcerer (Elf:1)
  An orc warlord (Orc:2)
  Aizul (Shoals:3)
  4 ghost moths (Spider:4)
  2 deep elf elementalists (Elf:2)
  3 emperor scorpions
  Azrael (Lair:2)
  A deep elf annihilator (Elf:2)
  2 spark wasps (Spider:4)
  Snorg (D:11)
  2 deep elf death magi (Elf:2)
  3 merfolk javelineers (Shoals:4)
  8 merfolk impalers
  Josephine (Lair:4)
  Fannar (D:12)
  A deep elf high priest (Elf:1)
  2 hydras
  2 alligator snapping turtles
  6 merfolk avatars
  A death yak (Lair:3)
  2 satyrs
  7 merfolk aquamancers
  2 two-headed ogres
  A vampire mage (Abyss:3)
  21 dancing weapons
  2 thrashing horrors (Abyss:3)
  Urug (Orc:1)
  12 deep elf knights
  Sonja (Lair:4)
  Nergalle (Orc:1)
  A wretched star (Abyss:3)
  3 skeletal warriors (D:12)
  A sixfirhy (Abyss:3)
  10 sea snakes
  12 harpies
  5 deep elf archers
  An orc knight (Bailey)
  14 orb spiders
  Pikel (D:9)
  39 deep elf magi
  18 wolf spiders
  An orc sorcerer (Orc:2)
  An ugly thing (D:11)
  A cyclops (Shoals:4)
  3 moths of wrath
  13 fauns
  15 manticores
  3 elephants (Lair:4)
  A centaur zombie (D:10)
  7 merfolk sirens
  3 black mambas
  7 water nymphs
  A gargoyle (D:12)
  A torpor snail (Lair:3)
  14 spiny frogs
  3 rime drakes
  6 komodo dragons
  An efreet (Abyss:3)
  4 demonic crawlers
  29 jumping spiders
  25 merfolk
  3 trolls
  Grinder (D:5)
  4 polar bears (IceCv)
  A wind drake (Shoals:2)
  9 hornets
  3 tyrant leeches (Lair:6)
  4 snapping turtles
  20 blink frogs
  A snapping turtle (shapeshifter) (Elf:1)
  8 hippogriffs
  67 redbacks
  2 shadows
  14 water elementals
  2 wyverns
  23 yaks
  20 tarantellas
  A vampire (D:10)
  4 wraiths
  Grum (D:8)
  A basilisk (Lair:3)
  A ynoxinul (Abyss:3)
  A human (D:11)
  2 hungry ghosts
  5 vampire mosquitoes
  A chaos spawn (Abyss:3)
  6 fire elementals
  Menkaure (D:6)
  2 wargs
  13 water moccasins
  Edmund (D:5)
  A swamp worm (shapeshifter) (Elf:2)
  5 porcupines
  28 orc warriors
  2 black bears (D:8)
  9 hell hounds
  2 slaves (D:9)
  2 ice beasts
  An eye of draining (D:9)
  2 sky beasts
  6 ogres
  3 phantoms
  11 wolves
  4 centaurs
  A necrophage (D:7)
  11 crocodiles
  A gnoll sergeant (D:4)
  20 bullfrogs
  2 earth elementals
  A small abomination (Abyss:3)
  3 scorpions
  10 killer bees
  10 wights
  An electric eel (Lair:6)
  2 howler monkeys (D:8)
  2 crimson imps
  A jelly (D:8)
  A bullfrog zombie (D:8)
  4 hounds
  17 orc priests
  2 gnoll shamans
  24 orc wizards
  A bullfrog skeleton (D:5)
  3 centaur skeletons
  4 iguanas
  7 worker ants
  A lightning spire (Abyss:3)
  A killer bee zombie (D:6)
  A hound zombie (D:5)
  A worker ant zombie (D:7)
  25 gnolls
  12 adders
  2 shadow imps
  11 white imps (Lair:1)
  4 worms (D:2)
  5 dart slugs
  4 leopard geckos
  94 orcs
  7 bats
  6 giant cockroaches
  12 goblins
  8 hobgoblins
  7 jackals
  2 quokkas
  5 ball pythons
  7 frilled lizards
  3 kobolds
  10 rats
  2 plants
1000 creatures vanquished.

Vanquished Creatures (collateral kills)
  Bai Suzhen (Shoals:4)
  3 deep elf magi
  A harpy (Shoals:2)
  2 fauns
  A manticore (Shoals:1)
  Maurice (D:9)
  2 spiny frogs (Lair:6)
  2 merfolk (Shoals:4)
  A wind drake (Shoals:2)
  A tyrant leech (Lair:6)
  5 blink frogs
  A snapping turtle (Shoals:1)
  4 hippogriffs
  A wyvern (Lair:2)
  2 water elementals
  A vampire mosquito (Lair:6)
  A water moccasin (Lair:3)
  A necrophage (D:5)
  2 wolves (Lair:3)
  A crocodile (Lair:5)
  6 bullfrogs
  A killer bee (D:9)
  2 orc wizards
  An orc priest (D:8)
  A worker ant (D:7)
  A hound skeleton (D:7)
  A gnoll (D:5)
  A white imp (Lair:1)
  5 orcs
  3 jackals
  A fungus (Lair:3)
  2 plants (Lair:6)
59 creatures vanquished.

Vanquished Creatures (others)
  A merfolk impaler (Shoals:4)
  A sea snake (Shoals:4)
  An orb spider (Spider:4)
  A worldbinder (Abyss:3)
  A demonic crawler (Spider:3)
  A jumping spider (Spider:4)
  A water elemental (Shoals:1)
  A tarantella (Spider:1)
  6 humans (Elf:1)
  An orc warrior (D:9)
  A water moccasin zombie (D:9)
  An adder zombie (D:9)
  7 fungi
  19 plants
  6 starspawn tentacles (Abyss:3)
49 creatures vanquished.

Grand Total: 1108 creatures vanquished

Notes
Turn   | Place    | Note
-------+----------+-------------------------------------------
     0 | D:1      | Auros the Merfolk Fighter began the quest for the Orb.
     0 | D:1      | Reached XP level 1. HP: 18/18 MP: 1/1
    62 | D:1      | Reached skill level 4 in Polearms
    62 | D:1      | Reached XP level 2. HP: 22/24 MP: 2/2
   476 | D:1      | Reached skill level 5 in Polearms
   476 | D:1      | Reached XP level 3. HP: 29/29 MP: 3/3
  1060 | D:2      | Found a sacrificial altar of Ru.
  1381 | D:2      | Reached skill level 6 in Polearms
  1462 | D:2      | Reached XP level 4. HP: 32/35 MP: 4/4
  1900 | D:3      | Found a basalt altar of Yredelemnul.
  2039 | D:3      | Found a snail-covered altar of Cheibriados.
  2260 | D:3      | Reached skill level 7 in Polearms
  2485 | D:3      | Reached XP level 5. HP: 41/41 MP: 5/5
  2719 | D:3      | Found a radiant altar of Vehumet.
  3043 | D:4      | Reached skill level 8 in Polearms
  3280 | D:4      | Noticed an ogre
  3300 | D:4      | Reached XP level 6. HP: 47/47 MP: 6/6
  3339 | D:4      | Reached skill level 9 in Polearms
  3545 | D:4      | Learned a level 1 spell: Animate Skeleton
  3563 | D:4      | Reached skill level 10 in Polearms
  4352 | D:4      | Found a burning altar of Makhleb.
  4369 | D:4      | Reached XP level 7. HP: 41/52 MP: 7/7
  4533 | D:4      | Reached skill level 11 in Polearms
  5165 | D:4      | Found a shimmering altar of Xom.
  5251 | D:5      | Entered Level 5 of the Dungeon
  5258 | D:5      | Noticed Edmund
  5271 | D:5      | Killed Edmund
  5271 | D:5      | Reached skill level 12 in Polearms
  5271 | D:5      | Reached XP level 8. HP: 43/58 MP: 3/8
  5386 | D:5      | Reached skill level 1 in Dodging
  5793 | D:5      | Noticed Grinder
  5811 | D:5      | Paralysed by Grinder for 4 turns
  5817 | D:5      | Killed Grinder
  5817 | D:5      | Reached skill level 13 in Polearms
  5862 | D:5      | Found an ornate altar of the Wu Jian Council.
  5984 | D:5      | Became a worshipper of the Wu Jian Council
  5990 | D:6      | Found a basalt altar of Yredelemnul.
  5990 | D:6      | Found Cemaulan's General Store.
  5990 | D:6      | Noticed Menkaure
  5997 | D:6      | Killed Menkaure
  5997 | D:6      | Reached skill level 5 in Dodging
  6169 | D:6      | Found a staircase to the Ecumenical Temple.
  6295 | D:5      | Reached XP level 9. HP: 26/64 MP: 9/9
  6393 | D:5      | Reached skill level 14 in Polearms
  6612 | D:6      | Reached * piety under Wu Jian
  6794 | D:6      | Found a shadowy altar of Dithmenos.
  7190 | D:7      | Found a stormy altar of Qazlal.
  7287 | D:7      | Reached skill level 10 in Dodging
  7690 | D:7      | Found a sparkling altar of Nemelex Xobeh.
  7690 | D:7      | Found a shattered altar of Ashenzari.
  7824 | Temple   | Entered the Ecumenical Temple
  8456 | D:8      | Reached ** piety under Wu Jian
  8487 | D:8      | Reached XP level 10. HP: 67/72 MP: 10/10
  8490 | D:8      | Reached skill level 5 in Fighting
  8591 | D:8      | Reached skill level 5 in Shields
  8605 | D:8      | Found an iron altar of Okawaru.
  8868 | D:8      | Found Doditoock's Gadget Boutique.
  9033 | D:8      | Found a glowing silver altar of Zin.
  9117 | D:8      | Noticed Grum
  9146 | D:8      | Killed Grum
  9337 | D:9      | Noticed Pikel
  9351 | D:9      | Killed Pikel
  9422 | D:9      | Noticed Maurice
  9433 | D:9      | Killed Maurice
  9493 | D:9      | Found Gabyew's Gadget Boutique.
  9516 | D:9      | Got a jewelled arbalest
  9522 | D:9      | Identified the +11 arbalest of Axis {penet, MP+9 Str+7}
                  | (You found it on level 9 of the Dungeon)
  9617 | D:9      | Found a flagged portal.
  9658 | Bailey   | Entered a bailey
  9686 | Bailey   | Reached *** piety under Wu Jian
  9772 | Bailey   | Noticed an orc knight
  9855 | Bailey   | Killed an orc knight
  9855 | Bailey   | Reached XP level 11. HP: 67/83 MP: 11/11
 10163 | D:9      | Reached skill level 1 in Crossbows
 10275 | D:9      | Learned a level 1 spell: Animate Skeleton
 10401 | D:9      | Noticed a two-headed ogre
 10418 | D:9      | Killed a two-headed ogre
 10537 | D:10     | Entered Level 10 of the Dungeon
 10886 | D:10     | Found Bink's Book Shoppe.
 10898 | D:10     | Reached skill level 5 in Crossbows
 11013 | D:10     | Reached **** piety under Wu Jian
 11205 | D:10     | Got a crude chain mail
 11216 | D:10     | Identified the +7 chain mail "Jiubaux" {rPois Slay+2} (You
                  | found it on level 10 of the Dungeon)
 11362 | D:10     | Found a staircase to the Lair.
 11461 | D:10     | Noticed a two-headed ogre
 11482 | D:10     | Killed a two-headed ogre
 11674 | Lair:1   | Entered Level 1 of the Lair of Beasts
 11710 | Lair:1   | Noticed an oklob plant
 11717 | Lair:1   | Learned a level 1 spell: Apportation
 12255 | Lair:1   | Found a frozen archway.
 12266 | IceCv    | Entered an ice cave
 12585 | IceCv    | Reached XP level 12. HP: 66/90 MP: 12/12
 12667 | IceCv    | Noticed a frost giant
 13032 | Lair:1   | Noticed a seven-headed hydra
 13058 | Lair:1   | Killed a seven-headed hydra
 13626 | Lair:2   | Found a staircase to the Shoals.
 13831 | Lair:2   | Found a hole to the Spider Nest.
 14715 | Lair:3   | Reached skill level 10 in Crossbows
 14903 | Lair:3   | Noticed a death yak
 14920 | Lair:3   | Killed a death yak
 15572 | Lair:4   | Noticed Sonja
 15589 | Lair:4   | Killed Sonja
 15604 | Lair:4   | Reached ***** piety under Wu Jian
 16067 | Lair:4   | Reached XP level 13. HP: 95/95 MP: 13/13
 17111 | Lair:5   | Noticed Josephine
 17160 | Lair:4   | Killed Josephine
 17907 | Lair:6   | Entered Level 6 of the Lair of Beasts
 17995 | Lair:6   | Got a pair of distressingly furry boots
 18010 | Lair:6   | Identified the +2 pair of boots of the Villain {+Fly rPois
                  | rF+ Int-5} (You found it on level 6 of the Lair of Beasts)
 18327 | Lair:6   | Reached skill level 10 in Shields
 18708 | Lair:6   | Learned a level 2 spell: Sticks to Snakes
 18778 | Lair:6   | Reached skill level 1 in Transmutations
 19079 | Lair:6   | Got a twisted large shield
 19090 | Lair:6   | Identified the +0 large shield of Happiness {Str+3} (You
                  | found it on level 6 of the Lair of Beasts)
 19330 | Lair:6   | Gained mutation: Armour fits poorly on your strangely
                  | shaped body. [potion of mutation]
 19330 | Lair:6   | Gained mutation: You have a pair of small antennae on your
                  | head. [potion of mutation]
 19330 | Lair:6   | Gained mutation: You are partially covered in icy blue
                  | scales. (AC +2) [potion of mutation]
 19331 | Lair:6   | Lost mutation: Armour fits poorly on your strangely shaped
                  | body. [potion of mutation]
 19331 | Lair:6   | Lost mutation: You have a pair of small antennae on your
                  | head. [potion of mutation]
 19331 | Lair:6   | Lost mutation: You are partially covered in icy blue
                  | scales. (AC +2) [potion of mutation]
 19331 | Lair:6   | Gained mutation: Your flesh is heat resistant. (rF+)
                  | [potion of mutation]
 19331 | Lair:6   | Gained mutation: Your spells are a little harder to cast,
                  | but a little more powerful. [potion of mutation]
 19331 | Lair:6   | Gained mutation: You have a pair of small antennae on your
                  | head. [potion of mutation]
 19332 | Lair:6   | Lost mutation: Your spells are a little harder to cast, but
                  | a little more powerful. [potion of mutation]
 19332 | Lair:6   | Lost mutation: Your flesh is heat resistant. (rF+) [potion
                  | of mutation]
 19332 | Lair:6   | Lost mutation: You have a pair of small antennae on your
                  | head. [potion of mutation]
 19332 | Lair:6   | Gained mutation: You possess an exceptional clarity of
                  | mind. [potion of mutation]
 19332 | Lair:6   | Gained mutation: You are partially covered in thin metallic
                  | scales. (AC +2) [potion of mutation]
 19332 | Lair:6   | Gained mutation: You passively map a small area around you.
                  | [potion of mutation]
 19333 | Lair:6   | Lost mutation: You possess an exceptional clarity of mind.
                  | [potion of mutation]
 19333 | Lair:6   | Lost mutation: You are partially covered in thin metallic
                  | scales. (AC +2) [potion of mutation]
 19333 | Lair:6   | Lost mutation: You passively map a small area around you.
                  | [potion of mutation]
 19333 | Lair:6   | Gained mutation: You are dopey. (Int -2) [potion of
                  | mutation]
 19333 | Lair:6   | Gained mutation: You have a somewhat thin skeletal
                  | structure. (Dex +2, Stealth) [potion of mutation]
 19334 | Lair:6   | Lost mutation: You are dopey. (Int -2) [potion of mutation]
 19334 | Lair:6   | Gained mutation: You occasionally shout uncontrollably at
                  | your foes. [potion of mutation]
 19334 | Lair:6   | Gained mutation: You possess an exceptional clarity of
                  | mind. [potion of mutation]
 19334 | Lair:6   | Gained mutation: You are partially covered in yellow
                  | scales. (AC +2) [potion of mutation]
 19335 | Lair:6   | Lost mutation: You occasionally shout uncontrollably at
                  | your foes. [potion of mutation]
 19335 | Lair:6   | Lost mutation: You have a somewhat thin skeletal structure.
                  | (Dex +2, Stealth) [potion of mutation]
 19335 | Lair:6   | Gained mutation: You are surrounded by a mild repulsion
                  | field. (EV +2) [potion of mutation]
 19335 | Lair:6   | Gained mutation: You are partially covered in iridescent
                  | scales. (AC +2) [potion of mutation]
 19637 | Lair:6   | Found a viscous altar of Jiyva.
 19663 | Lair:6   | Got a faintly humming ring mail
 19674 | Lair:6   | Identified the cursed +0 ring mail of the Bard {rElec
                  | Int+5} (You found it on level 6 of the Lair of Beasts)
 19746 | Lair:6   | Found a staircase to the Slime Pits.
 19889 | Spider:1 | Entered Level 1 of the Spider Nest
 19913 | Spider:1 | Noticed Azrael
 20000 | Lair:2   | Killed Azrael
 20000 | Lair:2   | Reached skill level 10 in Fighting
 20000 | Lair:2   | Reached XP level 14. HP: 38/109 MP: 14/14
 20564 | Spider:1 | Noticed an emperor scorpion
 20611 | Spider:1 | Killed an emperor scorpion
 21320 | Spider:1 | Found a roughly hewn altar of Beogh.
 21813 | Spider:2 | Reached skill level 1 in Evocations
 21912 | Spider:2 | You fall into a shaft and drop 1 floor!
 21922 | Spider:2 | Reached ****** piety under Wu Jian
 23894 | Spider:4 | Entered Level 4 of the Spider Nest
 23937 | Spider:4 | Reached XP level 15. HP: 110/119 MP: 17/17
 24299 | Spider:4 | Noticed Arachne
 24342 | Spider:4 | Killed Arachne
 24583 | Spider:4 | Noticed an emperor scorpion
 24625 | Spider:4 | Killed an emperor scorpion
 24804 | Spider:4 | Noticed a ghost moth
 24824 | Spider:4 | Killed a ghost moth
 25174 | Spider:4 | Reached skill level 15 in Dodging
 25300 | Spider:4 | Noticed a ghost moth
 25316 | Spider:4 | Killed a ghost moth
 25640 | Spider:4 | Noticed an emperor scorpion
 25649 | Spider:4 | Noticed a ghost moth
 25788 | Spider:4 | Killed an emperor scorpion
 25885 | Spider:4 | Killed a ghost moth
 25889 | Spider:4 | Reached skill level 5 in Evocations
 26071 | Spider:4 | Noticed a ghost moth
 26099 | Spider:4 | Killed a ghost moth
 26780 | Spider:4 | Got a gossamer rune of Zot
 27127 | D:11     | Noticed Snorg
 27146 | D:11     | Killed Snorg
 27354 | D:11     | Found a staircase to the Orcish Mines.
 27975 | Orc:1    | Entered Level 1 of the Orcish Mines
 27975 | Orc:1    | Noticed Nergalle
 27984 | Orc:1    | Killed Nergalle
 27998 | Orc:1    | Noticed Urug
 28012 | Orc:1    | Killed Urug
 28012 | Orc:1    | Reached XP level 16. HP: 129/129 MP: 20/20
 28179 | Orc:2    | Entered Level 2 of the Orcish Mines
 28257 | Orc:2    | Found a staircase to the Elven Halls.
 28402 | Orc:2    | Found a roughly hewn altar of Beogh.
 28628 | Orc:2    | Found a roughly hewn altar of Beogh.
 28628 | Orc:2    | Found Xowoyxasmi's General Store.
 29074 | Orc:2    | Found Ripog's Antique Armour Emporium.
 29075 | Orc:2    | Found a roughly hewn altar of Beogh.
 29085 | Orc:2    | Found Nutopneama's Antique Weapon Shoppe.
 29428 | Orc:2    | Found a roughly hewn altar of Beogh.
 29518 | Orc:2    | Found a roughly hewn altar of Beogh.
 29555 | Orc:2    | Found Dyrenere's Book Boutique.
 29634 | Orc:2    | Found a roughly hewn altar of Beogh.
 30041 | D:12     | Identified a scroll of acquirement
 30116 | D:12     | Reached skill level 15 in Polearms
 30453 | D:12     | Noticed Fannar
 30488 | D:12     | Killed Fannar
 30488 | D:12     | Reached skill level 16 in Polearms
 31027 | Shoals:1 | Entered Level 1 of the Shoals
 31368 | Shoals:1 | Reached skill level 17 in Polearms
 31682 | Shoals:1 | Got an ancient amber ring
 31684 | Shoals:1 | Identified the ring of the Slug {rC+ Int+3} (You acquired
                  | it on level 1 of the Shoals)
 31797 | Shoals:1 | Identified Roxanne's Catalogue of Changing
 31797 | Shoals:1 | Noticed Roxanne
 31856 | Shoals:1 | Reached skill level 18 in Polearms
 32150 | Shoals:2 | Reached skill level 19 in Polearms
 32654 | Shoals:2 | Reached skill level 20 in Polearms
 32936 | Shoals:3 | Reached skill level 21 in Polearms
 33588 | Shoals:4 | Entered Level 4 of the Shoals
 33602 | Shoals:4 | Noticed Mara
 33613 | Shoals:4 | Noticed Auros's illusion
 33624 | Shoals:4 | Killed Mara
 33624 | Shoals:4 | Reached skill level 22 in Polearms
 33624 | Shoals:4 | Reached XP level 17. HP: 117/135 MP: 21/21
 34094 | Shoals:4 | Reached skill level 5 in Armour
 35299 | Shoals:4 | Noticed Bai Suzhen
 35797 | Shoals:4 | Noticed Aizul
 35937 | Shoals:3 | Killed Aizul
 36357 | Shoals:4 | Killed Bai Suzhen
 36503 | Shoals:4 | Got a barnacled rune of Zot
 36577 | Shoals:4 | Identified the Handbook of Twisted Lightness
 36593 | Shoals:4 | Learned a level 3 spell: Portal Projectile
 36864 | Elf:1    | Entered Level 1 of the Elven Halls
 36875 | Elf:1    | Noticed Kirke
 36888 | Elf:1    | Killed Kirke
 36888 | Elf:1    | Reached skill level 1 in Hexes
 37345 | Elf:1    | Noticed Nikola
 37410 | Orc:2    | Killed Nikola
 37410 | Orc:2    | Reached XP level 18. HP: 71/141 MP: 24/24
 37907 | Orc:2    | Reached skill level 1 in Translocations
 37941 | Elf:1    | Cast into level 3 of the Abyss (a deep elf sorcerer)
 37942 | Abyss:3  | Found a corrupted altar of Lugonu.
 38010 | Abyss:3  | Found a glowing golden altar of the Shining One.
 38108 | Elf:1    | Escaped the Abyss
 38414 | Orc:2    | Bought a scroll of remove curse for 48 gold pieces
 38520 | Elf:1    | Identified the Handbook of Confrontation
 38685 | Elf:1    | Noticed Donald
 38994 | Elf:1    | Killed Donald
 39466 | Elf:2    | Reached skill level 5 in Hexes
 39762 | Elf:2    | Found a runed translucent gate.
 39762 | Elf:2    | Found a runed translucent gate.
 39762 | Elf:2    | Found a runed translucent gate.
 40290 | Elf:2    | Noticed a deep elf blademaster
 40300 | Elf:2    | Killed a deep elf blademaster
 40502 | Elf:2    | Reached skill level 10 in Evocations
 41831 | Elf:2    | Learned a level 2 spell: Blink
 42392 | Elf:2    | Cast into level 3 of the Abyss (a deep elf demonologist)
 42750 | Abyss:3  | Found a corrupted altar of Lugonu.
 42803 | Abyss:3  | Killed from afar by a hellion

Levels and vault maps discovered:
D:1:      scummos_arrival_checkerplants, layout_basic, minmay_split_cup_small
D:2:      layout_loops_cross, lemuel_crystal_altar, first_ration
D:3:      layout_loops_corners, kennysheep_slug_shrine, lemuel_round_altar,
          marbit_many_paths, grunt_decor_mini_mirrors
D:4:      layout_loops_ring, nicolae_overflow_crystal_walls, tgw_xom,
          kennysheep_crisscross
D:5:      layout_cave_pools, kennysheep_mini, uniq_grinder, uniq_edmund
D:6:      layout_basic, lemuel_round_altar, minmay_temple_entry_glass,
          basic_altar, serial_shops, shop, minmay_hedge_maze, uniq_menkaure
D:7:      layout_loops_cross, nicolae_qazlal_style_of_elements,
          gammafunk_temple_overflow_elements, minivault_19
D:8:      layout_gridville, kennysheep_mini_moat, okawaru_gym_becter,
          serial_shops, shop, uniq_grum
D:9:      layout_irregular_city, enter_bailey_3, serial_shops, shop, uniq_pikel,
          uniq_maurice
D:10:     minmay_flawed_box, layout_small_grid, david_lair_shrubbed,
          serial_shops, nicolae_shop_waterfront
D:11:     layout_gridville, erik_orc_4, uniq_snorg
D:12:     layout_cave_pods, uniq_fannar
Temple:   chequers_temple_sunken
Lair:1:   cheibrodos_lair_river_kwai, layout_concentric_octagons,
          portal_ice_cave_entry_imps, infiniplex_staircase_pool_2,
          minmay_lair_oklob_chamber, lemuel_fruit_tree
Lair:2:   layout_long_grid, elwin_shoals_entry_rocks, spider_nest_entry_rubble
Lair:3:   layout_chaotic_city, grunt_megastairs_3
Lair:4:   layout_layer_cave, uniq_sonja
Lair:5:   layout_cave_pods, beast_lair_carwin_2, uniq_josephine
Lair:6:   minmay_lair_end_frog_pond, layout_regular_city, slime_altar_1
Shoals:1: layout_shoals, overgrown_tower, uniq_roxanne
Shoals:2: layout_shoals, nicolae_shoals_isolated_beach
Shoals:3: layout_shoals, nicolae_shoals_square_sea_wall, nicolae_island_escapes
Shoals:4: shoals_end_simple, layout_shoals, uniq_bai_suzhen, uniq_aizul,
          uniq_mara
Spider:1: nicolae_spider_mines_2, uniq_azrael
Spider:2: layout_spider_delve
Spider:3: layout_spider_delve, hangedman_spider_tarantella_strand
Spider:4: spider_rune_water, uniq_arachne
Orc:1:    layout_caves, serial_shops, nicolae_shop_behind_doors, uniq_jorgrun,
          uniq_nergalle, uniq_urug
Orc:2:    grunt_orc_community_town_hall, layout_caves,
          grunt_orc_community_big_house_1, grunt_orc_community_big_house_1,
          grunt_orc_community_house_3, grunt_orc_community_house_2,
          grunt_orc_community_house_1, grunt_orc_community_house_3
Elf:1:    layout_geoelf_diagonals, minmay_elf_annihilation, uniq_nikola,
          uniq_donald, uniq_kirke
Elf:2:    layout_geoelf_grid
Abyss:3:  evilmike_abyss_rune_tso_outpost, evilmike_abyss_rune_tso_outpost,
          evilmike_abyss_rune_ettins,
          evilmike_nicolae_abyss_rune_betentacled_crabyss,
          dshaligram_kb_abyss_rune_zappy_water_cross, evilmike_abyss_exit_5,
          small_statue_intersection, nicolae_abyss_rune_left_handed,
          evilmike_abyss_exit_2, nicolae_abyss_rune_star_stuff,
          hangedman_abyss_rune_macabre_mess, due_exit_kobolds,
          hangedman_abyss_monster_moat, evilmike_abyss_rune_elephants_shrine
